 Dungeon Crawl Stone Soup version 0.28.0-45-g0d030f2227 (webtiles) character file.

Game seed: 16589037797122059855

32 McKennaii the Conjurer (level 3, 25/25 HPs)
             Began as a Demonspawn Conjurer on Apr 14, 2022.
             Quit the game on level 2 of the Dungeon.
             The game lasted 00:01:09 (1410 turns).

McKennaii the Conjurer (Demonspawn Conjurer)        Turns: 1410, Time: 00:01:10

Health: 25/25      AC:  2    Str:  7    XL:     3   Next: 8%
Magic:  2/6        EV: 12    Int: 21    God:
Gold:   58         SH:  0    Dex: 11    Spells: 5/6 levels left

rFire   + . .      SeeInvis .   b - staff of earth
rCold   + . .      Faith    .   (no shield)
rNeg    . . .      Spirit   .   a - +0 robe
rPois   .          Reflect  .   (no helmet)
rElec   .          Harm     .   e - scarf {rC+ rF+}
rCorr   .          Rampage  .   (no gloves)
Will    .....                   (no boots)
Stlth   ++........              (no amulet)
HPRegen 0.08/turn               (no ring)
MPRegen 0.10/turn               (no ring)

@: no status effects
A: claws 1, foul stench 1
a: no special abilities


You were on level 2 of the Dungeon.
You visited 1 branch of the dungeon, and saw 2 of its levels.

You collected 58 gold pieces.

Inventory:

Armour
 a - a +0 robe (worn)
 e - a scarf of resistance (worn)
Magical Staves
 b - a staff of earth (weapon)
Scrolls
 d - a scroll of amnesia {unknown}
 f - a scroll of fear {unknown}
 j - a scroll of identify {unknown}
Potions
 c - 2 potions of heal wounds {unknown}
 g - a potion of might {unknown}
 h - a potion of ambrosia {unknown}
 i - 2 potions of curing {unknown}


   Skills:
 + Level 0.5 Fighting
 - Level 1.7 Dodging
 - Level 1.7 Stealth
 + Level 2.2 Spellcasting
 + Level 4.8 Conjurations


You had 5 spell levels left.
You knew the following spells:

 Your Spells              Type           Power      Damage    Failure   Level
a - Magic Dart            Conj           88%        1d7       1%          1

Your spell library contained the following spells:

 Spells                   Type           Power      Damage    Failure   Level
 Searing Ray              Conj           44%        2d6       3%          2
 Dazzling Flash           Conj/Hex       24%        N/A       16%         3
 Call Canine Familiar     Summ           2%         N/A       41%         3
 Portal Projectile        Hex/Tloc       4%         N/A       41%         3
 Fulminant Prism          Conj/Hex       6%         3d7       47%         4
 Iskenderun's Mystic Bla  Conj/Tloc      12%        2d5       47%         4
 Leda's Liquefaction      Hex/Erth       1%         N/A       82%         4


Dungeon Overview and Level Annotations

Branches:
Dungeon (2/15)

Altars:


Innate Abilities, Weirdness & Mutations

You have sharp fingernails.
You may rarely emit foul miasma when damaged in melee.


Message History

The magic dart hits the adder.
The adder is severely wounded.
The adder closely misses you.
Unknown command.
You closely miss the adder.
The adder is heavily wounded.
The adder barely misses you.
You hit the adder.
The adder is almost dead.
The adder bites you.
* * * LOW HITPOINT WARNING * * *
The adder barely misses you.
You hit the adder.
You kill the adder!
You start resting.
Magic restored.
A kobold comes into view. It is wielding a +0 spear.
A kobold is nearby!
The magic dart hits the kobold.
You kill the kobold!
You can't see any susceptible monsters within range! (Use Z to cast anyway.)
You can't see any susceptible monsters within range! (Use Z to cast anyway.)
You can't see any susceptible monsters within range! (Use Z to cast anyway.) HP restored.
An adder comes into view.
The magic dart hits the adder.
The adder is lightly wounded.
The adder hisses angrily.
An adder is nearby!
The magic dart hits the adder.
The adder is heavily wounded.
An adder is nearby!
The magic dart hits the adder.
You kill the adder!
You have reached level 3!
Your experience leads to an increase in your attributes!
Increase (S)trength, (I)ntelligence, or (D)exterity?
You feel clever. x2; Your demonic ancestry asserts itself...
You begin to emit a foul stench of rot and decay.
Are you sure you want to abandon this character and quit the game? (Confirm with "yes".)

..# #. #..>. #.
#.#.# .. .....
..#.#.## #
#.#.#..#.####
#.###.#.#).......
#.[.....#@†#
#.#....#
#####.#.##.#
#.......# ...
#.##....#######
#....'.....#
#....#####.#
#....#...#
#....#.#.#


There were no monsters in sight!

Vanquished Creatures
  2 adders (D:2)
  2 bats (D:1)
  An endoplasm (D:1)
  3 hobgoblins (D:1)
  A quokka (D:1)
  A frilled lizard (D:1)
  4 kobolds
14 creatures vanquished.

Notes
Turn   | Place    | Note
-------+----------+-------------------------------------------
     0 | D:1      | McKennaii the Demonspawn Conjurer began the quest for the
                  | Orb.
     0 | D:1      | Reached XP level 1. HP: 13/13 MP: 3/3
   513 | D:1      | Gained mutation: You have sharp fingernails. [demonic
                  | ancestry]
   513 | D:1      | Reached XP level 2. HP: 20/20 MP: 1/5
   622 | D:1      | Found a faded altar of an unknown god.
  1091 | D:2      | HP: 1/20 [adder (4)]
  1410 | D:2      | Gained mutation: You may rarely emit foul miasma when
                  | damaged in melee. [demonic ancestry]
  1410 | D:2      | Reached XP level 3. HP: 25/25 MP: 2/6
  1410 | D:2      | Quit the game

Illustrated notes

Levels and vault maps discovered:
D:1:      amcnicky_arrival_wind_blow, layout_rooms,
          shapermc_ecumenical_altar_ellora, chequers_jeans, skrybe_limestone_x
D:2:      layout_basic, basic_altar

Action                   || total
-------------------------++-------
Melee: Staff             ||     9
 Cast: Magic Dart        ||    34
Armor: Robe              ||     6
Dodge: Dodged            ||    19
